woodfighter, chaotic female elven Rogue ------------------------ |..^^^^^^^^^^^^^^^^^^..| |..-------------------.| ----.-- ---- |.| |.`...-----..| |.| |......`..``.| |.| --.`.....|.`.| |.| --....`.|...| |.| |`----.--.-| ------|.| --.`.--..`..| --|.....|.| |...........| |.+.....|.| |`.`---.--.-| |-|.....|.| |...|.`..`..| |.+..(..+.| --.---..`..`.| |-|.....|-- |@f`.`.`.`.`.| |.+.....| |m>..|.......| --|.....| -------------- ------- woodfighter the Cutpurse Experience level: 5 Strength: 15 Dexterity: 18 Constitution: 14 Intelligence: 13 Wisdom: 11 Charisma: 10 Health: 0(30) Energy: 26(26) Def: 7 Gold: 0 Moves: 4369 Dungeon seed: 5q-mw4M4hwZdd8R0 Game ID: woodfighter_1513866171 Your Inventory: Weapons a - a +0 elven dagger (weapon in hand) b - 12 +0 elven daggers (in quiver) Armor e - a blessed +1 leather armor (being worn) n - an uncursed +0 dwarvish cloak (being worn) z - an uncursed +1 orcish helm (being worn) N - an uncursed +1 dwarvish roundshield (being worn) U - an uncursed +0 pair of elven boots (being worn) Comestibles o - 5 uncursed food rations A - 2 uncursed tripe rations O - 2 uncursed magic beans Rings v - an uncursed -1 ring of gain constitution Wands u - a wand of opening (0:8) Z - a wand of sleep (0:2) Tools g - an uncursed blindfold s - an uncursed bag of holding y - an uncursed lock pick Contents of the bag of holding: a cursed ring of aggravate monster an uncursed ring of conflict Spells and supernatural/magical abilities: Name Level Category Fail Memory W - pray for help -- divine ? -- Your skills at the end: Miscellaneous Skills wands [Basic] Weapon Skills dagger [Basic] short sword [Basic] Spellcasting Skills Final Attributes: You were piously aligned. You were sleep resistant. Your writing hand was ok. You had infravision. You were stealthy. You were held by a giant mimic. You are dead. Vanquished creatures: an imp a wood nymph a rock piercer a fog cloud 3 shriekers a golden naga hatchling a ghoul a straw golem 2 giant ants 2 kittens a dwarf a homunculus 2 kobold lords a rothe a centipede a jitterbug 3 dwarf zombies a wererat a coyote a gas spore 2 hobbits a large kobold 3 geckos 2 hobgoblins 3 giant rats a yellow mold a green mold a red mold a gnome zombie 2 jackals 2 foxes 2 kobolds 3 newts 3 goblins 8 sewer rats 4 grid bugs 4 lichens 2 kobold zombies 72 creatures vanquished. Voluntary challenges: You did not adorn yourself with jewelry or accessories. You did not cause conflict. You were not invisible. You did not have reflection. You were not displaced. You had been an atheist until turn 2413. You used a wielded weapon 139 times, starting on turn 5. You did not apply a unicorn horn. You did not use plumbed fixtures. You did not drink any magical draughts. You read items or engraved 2 times, starting on turn 2410. You never genocided any monsters. You never polymorphed an object. You never changed form. You used no wishes. You never split a pudding. You never wrote Elbereth's name. You never violated your personal moral code. Dungeon overview: The Dungeons of Doom: levels 1 to 7 Level 1 a long staircase Level 2 stairs to The Gnomish Mines Level 3 Level 4 (vault) Level 5 many fountains Level 6 a sink, a throne stairs to Sokoban Level 7 The Gnomish Mines: Level 3 stairs to The Dungeons of Doom Sokoban: levels 2 to 5 Level 2 <- You were here a magic chest Level 3 Level 4 Level 5 an altar to Mog, a magic chest stairs to The Dungeons of Doom History has recorded: On T:1 you entered the Dungeons of Doom to retrieve the Amulet of Yendor! On T:209 you reached level 2 of The Dungeons of Doom. On T:555 you reached level 1 of The Gnomish Mines. On T:579 you reached level 3 of The Dungeons of Doom. On T:820 you advanced to experience level 2. On T:886 you reached level 4 of The Dungeons of Doom. On T:1113 you advanced to experience level 3. On T:1117 you reached level 5 of The Dungeons of Doom. On T:1310 you advanced to experience level 4. On T:1796 you reached level 6 of The Dungeons of Doom. On T:1858 you advanced to experience level 5. On T:1875 you reached level 7 of The Dungeons of Doom. On T:2344 you reached level 4 of Sokoban. On T:2407 you opened a magic chest. On T:2819 you reached level 3 of Sokoban. On T:3576 you reached level 2 of Sokoban. On T:4358 you reached level 1 of Sokoban. Score breakdown: Gold: 0 ( 0 points) Experience: 5 levels ( 400 points) Exploration: 7 levels ( 180 points) Discoveries: 14 items ( 700 points) Variety of kills: 38 monsters ( 1900 points) Major goal: (nothing yet) ( 0 points) Survival: died (score multiplied by 3) Total score: 9540 Latest messages: The 2nd elven dagger hits the straw golem. You destroy the straw golem! b - 2 +0 elven daggers (in quiver). b - a +0 elven dagger (in quiver). b - 3 +0 elven daggers (in quiver). This pancake is delicious! You finish eating the pancake. This pancake is delicious! You finish eating the pancake. Where do you want to travel to? You displace your pony. Collecting Marbles With great effort you move the boulder. Wait! That's a giant mimic! The sleep ray hits the giant mimic. The giant mimic's grip relaxes. The sleep ray hits it. You catch the giant mimic at a disadvantage! (3x) You stab the giant mimic. (4x) You feel more confident in your weapon skills. You stab the giant mimic. The giant mimic claws you! You die... Final status: Goodbye woodfighter the Rogue, killed by a giant mimic... You died in Sokoban on dungeon level 2 with 9540 points, and 0 pieces of gold, after 4369 moves. You were level 5 with a maximum of 30 hit points when you died.